 Dungeon Crawl Stone Soup version 0.22.1-1-ga44c0e56f4 (webtiles) character file.

555 Ivernyr the Ogre Mage (level 7, 0/70 HPs)
             Began as an Ogre Wizard on Oct 3, 2018.
             Slain by a bullfrog zombie (2 damage)
             ... on level 5 of the Dungeon.
             The game lasted 00:42:33 (6485 turns).

Ivernyr the Ogre Mage (Ogre Wizard)                 Turns: 6485, Time: 00:42:36

Health: 0/70       AC:  4    Str: 12    XL:     7   Next: 30%
Magic:  10/16      EV:  1    Int: 21    God:
Gold:   282        SH:  0    Dex: -9 (7) Spells: 9/18 levels left

rFire    . . .     SeeInvis .   x - +0 spear
rCold    . . .     Gourm    .   (no shield)
rNeg     . . .     Faith    .   s - +0 robe (curse)
rPois    .         Spirit   .   D - +1 hat
rElec    .         Reflect  .   (no cloak)
rCorr    .         Harm     .   (gloves unavailable)
MR       +....                  (boots unavailable)
Stlth    ..........             (no amulet)
HPRegen  0.21/turn              o - ring of protection from magic
MPRegen  0.15/turn              p - ring of wizardry

@: slowed, lost dexterity, very slow
A: large, unfitting armour, tough skin 1
a: no special abilities


You were on level 5 of the Dungeon.
You were very hungry.

You visited 1 branch of the dungeon, and saw 5 of its levels.

You collected 282 gold pieces.

Inventory:

Hand Weapons
 x - a +0 spear (weapon)
Armour
 s - a cursed +0 robe (worn)
 D - a +1 hat (worn)
Jewellery
 a - an uncursed ring of protection from cold
 o - a ring of protection from magic (left hand)
 p - a ring of wizardry (right hand)
 z - an uncursed ring of flight
Wands
 v - a wand of iceblast (1)
Scrolls
 c - 4 scrolls of teleportation {unknown}
 h - 3 scrolls of immolation {unknown}
 n - a scroll of magic mapping {unknown}
 q - a scroll of enchant weapon {unknown}
 r - 3 scrolls of remove curse {unknown}
 u - 5 scrolls of identify {unknown}
 w - a scroll of enchant armour {unknown}
 y - a scroll of random uselessness {unknown}
 A - a scroll of fear {unknown}
 B - 2 scrolls of amnesia {unknown}
Potions
 e - a potion of cancellation {unknown}
 f - 2 potions of invisibility {unknown}
 g - 2 potions of mutation {unknown}
 i - a potion of flight {unknown}
 j - 2 potions of curing {unknown}
 k - 2 potions of heal wounds {unknown}
 l - 3 potions of degeneration {unknown}
 m - 3 potions of brilliance {unknown}
 t - 2 potions of lignification {unknown}
Comestibles
 d - 12 rations


   Skills:
 + Level 4.1 Fighting
 - Level 1.7 Dodging
 - Level 1.4 Stealth
 * Level 6.4 Spellcasting
 * Level 4.2 Conjurations
   Level 0.8 Summonings
 - Level 0.8 Translocations


You had 9 spell levels left.
You knew the following spells:

 Your Spells              Type           Power        Failure   Level  Hunger
a - Magic Dart            Conj           ###.         1%          1    None
b - Blink                 Tloc           N/A          4%          2    None
c - Conjure Flame         Conj/Fire      ###.....     4%          3    #......
d - Mephitic Cloud        Conj/Pois/Air  ##......     6%          3    #......

Your spell library contained the following spells:

 Spells                   Type           Power        Failure   Level  Hunger
 Call Imp                 Summ           ##......     4%          2    None
 Slow                     Hex            #.......     6%          2    None


Dungeon Overview and Level Annotations

Branches:
Dungeon (5/15)
 Temple: D:4-7

Altars:
Ashenzari
Cheibriados
Dithmenos
Fedhas
Trog
Zin


Innate Abilities, Weirdness & Mutations

You are too large for most types of armour.
You have tough skin. (AC +1)


Message History

The centaur zombie hits you. The bullfrog zombie hits you.
Casting: Magic Dart (safe; 1% risk of failure)
Confirm with . or Enter, or press ? or * to list all spells.
Aiming: Magic Dart (safe; 1% risk of failure)
Press: ? - help, Shift-Dir - straight line, f/p - centaur zombie
Aim: a centaur zombie (almost destroyed)
The magic dart hits the centaur zombie.
The centaur zombie is almost destroyed.
The centaur zombie hits you. The bullfrog zombie hits you.
* * * LOW HITPOINT WARNING * * *
The centaur zombie hits you!
* * * LOW HITPOINT WARNING * * *
The bullfrog zombie hits you but does no damage.
The centaur zombie hits you.
* * * LOW HITPOINT WARNING * * *
The bullfrog zombie hits you but does no damage.
The centaur zombie hits you.
* * * LOW HITPOINT WARNING * * *
The bullfrog zombie hits you.
You die...

...# ...#
...### .....
...# #
#####...#...
####..?......#
.......@Z..#
#$...##)Z......
... ##...#..# #
...# . ##...
.### #


You could see a bullfrog zombie and a centaur zombie.

Vanquished Creatures
  An ogre (D:4)
  A howler monkey (D:4)
  A crimson imp (D:4)
  A quasit (D:4)
  3 orc priests
  A bullfrog skeleton (D:5)
  3 worker ants
  A hound skeleton (D:5)
  6 adders
  A shadow imp (D:4)
  2 oozes (D:3)
  2 adder skeletons (D:4)
  3 worms
  2 dart slugs
  2 leopard geckos
  8 orcs (D:4)
  4 giant cockroaches
  11 goblins
  6 hobgoblins
  12 jackals
  A quokka (D:3)
  5 bats (D:1)
  5 frilled lizards
  A jackal skeleton (D:4)
  2 kobolds
  A quokka skeleton (D:4)
  12 rats
98 creatures vanquished.

Notes
Turn   | Place    | Note
-------+----------+-------------------------------------------
     0 | D:1      | Ivernyr the Ogre Wizard began the quest for the Orb.
     0 | D:1      | Reached XP level 1. HP: 16/16 MP: 5/5
    50 | D:1      | Reached skill level 1 in Conjurations
   282 | D:1      | Reached XP level 2. HP: 26/26 MP: 1/6
   432 | D:1      | Learned a level 2 spell: Blink
   700 | D:1      | Reached skill level 1 in Fighting
   728 | D:1      | Reached skill level 4 in Spellcasting
  1112 | D:1      | Reached XP level 3. HP: 33/33 MP: 4/8
  1468 | D:2      | Found a bloodstained altar of Trog.
  2120 | D:2      | Learned a level 3 spell: Conjure Flame
  2124 | D:2      | Learned a level 3 spell: Mephitic Cloud
  2202 | D:2      | Reached XP level 4. HP: 30/42 MP: 2/10
  2501 | D:2      | Found a faded altar of an unknown god.
  3020 | D:3      | Found a shadowy altar of Dithmenos.
  3177 | D:3      | Found a shattered altar of Ashenzari.
  3392 | D:3      | Found a glowing silver altar of Zin.
  3689 | D:3      | Found a blossoming altar of Fedhas.
  4102 | D:3      | Reached skill level 5 in Spellcasting
  4102 | D:3      | Reached XP level 5. HP: 35/50 MP: 7/12
  4402 | D:4      | Found a snail-covered altar of Cheibriados.
  5120 | D:4      | Reached XP level 6. HP: 61/61 MP: 0/14
  5412 | D:5      | Entered Level 5 of the Dungeon
  5723 | D:5      | Reached skill level 6 in Spellcasting
  5806 | D:4      | Reached XP level 7. HP: 52/68 MP: 7/16
  6111 | D:4      | Lost dexterity.
  6485 | D:5      | HP: 2/70 [centaur zombie (6)]
  6485 | D:5      | Slain by a bullfrog zombie

Skill      XL: |  1  2  3  4  5  6  7 |
---------------+----------------------+-----
Conjurations   | 1 2 3 4 |  4.2
Fighting       | 1 2 3 4 |  4.1
Spellcasting   | 4 5 6 |  6.4
Dodging        | |  1.7
Stealth        | |  1.4
Summonings     | |  0.8
Translocations | |  0.8

Action                   |  1- 3 |  4- 6 |  7- 9 || total
-------------------------+-------+-------+-------++-------
Melee: Unarmed           |    33 |     8 |       ||    41
       Spear             |       |    88 |       ||    88
 Cast: Magic Dart        |   102 |   159 |    48 ||   309
       Conjure Flame     |       |     9 |       ||     9
       Mephitic Cloud    |       |     5 |       ||     5
       Blink             |       |     2 |       ||     2
 Stab: Confused          |       |     3 |       ||     3
  Eat: Chunk             |     4 |    12 |     1 ||    17
Armor: Robe              |    16 |    33 |    82 ||   131
Dodge: Dodged            |    35 |    70 |    26 ||   131
